 Dungeon Crawl Stone Soup version 0.32-a0-630-g46d191b0ed (webtiles) character file.

Game seed: 5532043868749803830

9 Alarak the Trooper (level 2, 23/23 HPs)
             Began as a Demonspawn Gladiator on Mar 6, 2024.
             Got out of the dungeon alive.
             The game lasted 00:00:46 (311 turns).

Alarak the Trooper (Demonspawn Gladiator)            Turns: 311, Time: 00:00:47

Health: 23/23      AC:  4    Str: 14    XL:     2   Next: 3%
Magic:  2/2        EV: 12    Int:  8    God:
Gold:   27         SH:  0    Dex: 16    Spells: 1/1 levels left

rFire   . . .        a - +0 war axe
rCold   . . .        (no shield)
rNeg    . . .        b - +0 leather armour
rPois   .            c - +0 helmet
rElec   .            (no cloak)
rCorr   .            (no gloves)
SInv    .            (no boots)
Will    .....        (no amulet)
Stlth   ++           (no ring)
HPRegen 0.23/turn    (no ring)
MPRegen 0.08/turn

%: no passive effects
@: no status effects
A: thin skeletal structure 1
a: no special abilities


You escaped.
You visited 1 branch of the dungeon, and saw 1 of its levels.

You collected 27 gold pieces.

Inventory:

Hand Weapons
 a - a +0 war axe (weapon)
Missiles
 d - 3 throwing nets (quivered)
 e - a javelin
Armour
 b - a +0 leather armour (worn)
 c - a +0 helmet (worn)
Potions
 f - a potion of heal wounds {unknown}
 g - a potion of cancellation {unknown}


   Skills:
 + Level 2.8 Fighting
 - Level 2.6 Axes
 - Level 1.7 Throwing
 - Level 2.6 Dodging


You had one spell level left.
You didn't know any spells.
Your spell library was empty.

Dungeon Overview and Level Annotations

Branches:
Dungeon (1/15)

Altars:


Innate Abilities, Weirdness & Mutations

You have a somewhat thin skeletal structure. (Dex +2, Stealth+)


Message History

No target in view!
An endoplasm comes into view.
An endoplasm is nearby!
An endoplasm is nearby!
An endoplasm is nearby!
A kobold comes into view. It is wielding a +0 club.
The kobold shouts!
The endoplasm freezes you.
You are frozen.
You hit the endoplasm.
The endoplasm is severely wounded.
The endoplasm closely misses you.
You hit the endoplasm.
You kill the endoplasm!
You barely miss the kobold. The kobold closely misses you.
You miss the kobold. The kobold barely misses you.
You hit the kobold.
You kill the kobold!
You have reached level 2!
Your demonic ancestry asserts itself...
Your bones become slightly less dense.
Sorry, you're not good enough to have a special ability.
Unknown command.
Unknown command.
Okay, then.
Search for what [? for help]? door Can't find anything matching that.
Search for what [Enter for "door", or ? for help]? entrance Can't find anything matching that.
Found a scroll labelled KELIOL DAUTO.
Found a robe.
What level of the Dungeon? (default 1, ? - help)
You see here 4 stones.
There is an open door here.
You see here an elf skeleton.
You see here a human skeleton.
There is an open door here.
There is an open gate here.
There is a staircase leading out of the dungeon here.
You have escaped!

♣♣ #### #.# #.# ♣♣♣ ♣.♣♣♣♣
#⌠⌠# #.# #.#
############..# #.###.#
..............# #.....#
..............# #..####
..##......##..# ##.#
..##......##..####♣♣#.#
..............'..#.♣#(#
..............'.@#.♣#.#
..............'..#.♣#.#
..##......##..####♣♣#.####
..##......##..# ##....#
..............# #..##.#
..............# #.###.#
#############+# ♣.♣ #.#
♣♣♣ ♣♣♣♣♣♣ ##.#♣♣.♣♣#.#
###### #..........#


There were no monsters in sight!

Vanquished Creatures
  A ball python (D:1)
  An endoplasm (D:1)
  A giant cockroach (D:1)
  A goblin (D:1)
  A kobold (D:1)
  A quokka (D:1)
  A bat (D:1)
7 creatures vanquished.

Notes
Turn   | Place    | Note
-------+----------+-------------------------------------------
     0 | D:1      | Alarak the Demonspawn Gladiator began the quest for the
                  | Orb.
     0 | D:1      | Reached XP level 1. HP: 16/16 MP: 1/1
   203 | D:1      | Gained mutation: You have a somewhat thin skeletal
                  | structure. (Dex +2, Stealth+) [demonic ancestry]
   203 | D:1      | Reached XP level 2. HP: 23/23 MP: 2/2
   311 | D:$      | Got out of the dungeon alive.

Illustrated notes

Levels and vault maps discovered:
D:1:      beargit_arrival_diablo_church, layout_loops_ring, fountainhead,
          kennysheep_flooded_box, kennysheep_pointless_box,
          minmay_tree_intersection

Action                     || total
---------------------------++-------
  Melee: War axe           ||    20
 Armour: Leather armour    ||     9
  Dodge: Dodged            ||    16

Table legend: (Time is in decaauts)
 A = Elapsed time spent in this place.
 B = Non-inter-level travel time spent in this place.
 C = Inter-level travel time spent in this place.
 D = Time resting spent in this place.
 E = Time spent auto-exploring this place.
 F = Levels seen in this place.
 G = Mean time per level.
                   A        B        C        D        E       F      G
               +--------+--------+--------+--------+--------+-----+--------+
         Total |    318 |    211 |    107 |      0 |    159 |   1 |  318.0 |
       Dungeon |    318 |    211 |    107 |      0 |    159 |   1 |  318.0 |
               +--------+--------+--------+--------+--------+-----+--------+

Top non-repeatable levels by time:
     D:1: 318 daAuts
